 Dungeon Crawl Stone Soup version 0.28.0-45-g0d030f2227 (webtiles) character file.

Game seed: 15233262198730234572

61603 DuloT34 the Covert (level 15, -11/116 (117) HPs)
             Began as a Gnoll Wanderer on Apr 11, 2022.
             Was the Champion of Nemelex Xobeh.
             Killed by divine providence
             ... invoked by a meliai
              (17 damage)
             ... on level 14 of the Dungeon on Apr 13, 2022.
             The game lasted 01:59:17 (31960 turns).

DuloT34 the Covert (Gnoll Wanderer)                Turns: 31960, Time: 01:59:18

HP:   -11/116 (117) AC: 12    Str: 15    XL:     15   Next: 3%
MP:   28/28         EV: 17    Int: 11    God:    Nemelex Xobeh [******]
Gold: 1659          SH: 14    Dex: 17    Spells: 21/33 levels left

rFire   + . .      SeeInvis .   a - +2 trident (venom)
rCold   + . .      Faith    .   L - +2 buckler {rN+}
rNeg    + . .      Spirit   .   U - +1 leather armour of Parts Unknown {Dex+3 Slay+3 Stlth+}
rPois   .          Reflect  +   Z - +2 hat
rElec   +          Harm     .   (no cloak)
rCorr   .          Rampage  .   D - +2 pair of gloves {Stlth+}
Will    +....                   y - +0 pair of boots
Stlth   +++++++...              E - amulet of reflection
HPRegen 0.29/turn               j - ring "Zuniem" {rElec rF+ rC+ Int-2}
MPRegen 0.21/turn               (no ring)

@: about to teleport, slowed, lightly drained, very slow
A: fangs 1, strong nose, distributed training
a: Renounce Religion, Draw Escape, Draw Destruction, Draw Summoning, Triple
Draw, Deal Four, Stack Five


You were on level 14 of the Dungeon.
You worshipped Nemelex Xobeh.
Nemelex Xobeh was exalted by your worship.
You visited 2 branches of the dungeon, and saw 19 of its levels.
You also visited: Ossuary and Ice Cave.

You collected 1659 gold pieces.

Inventory:

Hand Weapons
 a - a +2 trident of venom (weapon)
 b - a +2 hand crossbow of flaming
 B - a +3 dagger of electrocution
 F - a +4 short sword
Armour
 d - a +1 leather armour
 s - a +0 plate armour
 y - a +0 pair of boots (worn)
 D - a +2 pair of gloves of stealth (worn)
 L - a +2 buckler of positive energy (worn)
 N - the +3 scale mail of Complete Protection {rC++}
   (You found it on level 10 of the Dungeon)

   rC:        It greatly protects you from cold.
 T - a +1 leather armour of fire resistance
 U - the +1 leather armour of Parts Unknown (worn) {Dex+3 Slay+3 Stlth+}
   (You found it on level 1 of the Lair of Beasts)

   Dex:       It affects your dexterity (+3).
   Slay:      It affects your accuracy & damage with ranged weapons and melee
   (+3).
   Stlth:     It makes you more stealthy.
 Z - a +2 hat (worn)
Jewellery
 j - the ring "Zuniem" (left hand) {rElec rF+ rC+ Int-2}
   (You found it on level 3 of the Dungeon)

   [ring of protection from cold]

   Int:       It affects your intelligence (-2).
   rF:        It protects you from fire.
   rC:        It protects you from cold.
   rElec:     It insulates you from electricity.
 k - an amulet of guardian spirit
 E - an amulet of reflection (around neck)
 V - a ring of ice
Wands
 o - a wand of iceblast (12)
 t - a wand of charming (5)
 C - a wand of digging (1)
 K - a wand of acid (18)
 Q - a wand of polymorph (6)
Scrolls
 c - 3 scrolls of vulnerability
 f - 4 scrolls of enchant armour
 i - a scroll of blinking
 q - 3 scrolls of amnesia
 v - 3 scrolls of identify
 z - 3 scrolls of fog
 A - 3 scrolls of magic mapping
 M - a scroll of brand weapon
 R - 2 scrolls of silence
 Y - 2 scrolls of immolation
Potions
 e - 2 potions of brilliance
 g - 4 potions of curing
 h - 5 potions of attraction
 l - 2 potions of flight
 m - 2 potions of mutation {unknown}
 n - 2 potions of lignification
 p - 2 potions of heal wounds
 r - 3 potions of haste
 G - a potion of might
 I - a potion of ambrosia {unknown}
 W - 5 potions of magic
Miscellaneous
 u - a tin of tremorstones (2/2)
 w - a phial of floods


   Skills:
 + Level 10.8 Fighting
 + Level 9.7 Short Blades
 + Level 9.7 Long Blades
 + Level 9.7 Axes
 + Level 10.8 Maces & Flails
 + Level 9.7 Polearms
 + Level 9.7 Staves
 + Level 9.7 Slings
 + Level 9.7 Bows
 + Level 9.7 Crossbows
 + Level 9.7 Throwing
 + Level 9.7 Armour
 + Level 10.8 Dodging
 + Level 11.4 Stealth
 + Level 9.7 Shields
 + Level 9.7 Unarmed Combat
 + Level 9.7 Spellcasting
 + Level 8.1 Conjurations
 + Level 8.1 Hexes
 + Level 8.1 Summonings
 + Level 8.1 Necromancy
 + Level 8.1 Translocations
 + Level 8.1 Transmutations
 + Level 8.1 Fire Magic
 + Level 8.1 Ice Magic
 + Level 8.1 Air Magic
 + Level 8.1 Earth Magic
 + Level 8.1 Poison Magic
 + Level 10.6 Invocations
 + Level 10.1 Evocations


You had 21 spell levels left.
You knew the following spells:

 Your Spells              Type           Power      Damage    Failure   Level
a - Passwall              Tmut/Erth      19%        N/A       1%          2
b - Magic Dart            Conj           92%        1d7       1%          1
c - Swiftness             Air            23%        N/A       1%          3
d - Ensorcelled Hibernat  Hex/Ice        46%        N/A       1%          2
e - Fulminant Prism       Conj/Hex       11%        3d9       7%          4

Your spell library contained the following spells:

 Spells                   Type           Power      Damage    Failure   Level
 Beastly Appendage        Tmut           46%        N/A       1%          1
 Searing Ray              Conj           46%        2d6       1%          2
 Wereblood                Tmut           23%        N/A       1%          2
 Spider Form              Tmut/Pois      23%        N/A       1%          3
 Iskenderun's Mystic Bla  Conj/Tloc      23%        2d6       7%          4
 Lee's Rapid Deconstruct  Erth           11%        3d9*      19%         5


Dungeon Overview and Level Annotations

Branches:
Dungeon (12/15)            Temple (0/1) D:6            Lair (6/6) D:11
  Swamp (0/4) Lair:4       Spider (0/4) Lair:2        Slime (0/5) Lair:6
Ossuary (visited)           IceCv (visited)
    Orc: D:9-12

Altars:
Makhleb
Nemelex Xobeh
Ru
Trog
Wu Jian
Yredelemnul
Zin
Beogh

Shops:
D:4 :   D:5 [   D:7 *

Annotations:
D:3 exclusion: downstairs
Lair:1 2 transporters, Ceckukk's ghost, journeyman GrEE
Lair:6 exclusion: obsidian statue


Innate Abilities, Weirdness & Mutations

You have very sharp teeth.
Your uncanny sense of smell can sniff out nearby items.
Your experience applies equally to all skills.


Message History

You block the meliai's attack. x2
The meliai mumbles some strange prayers to its god against you.
Something smites you! The meliai closely misses you.
The meliai stings you but does no damage.
Josephine barely misses you. The meliai hits you with a +0 war axe.
The meliai closely misses you. Josephine hits you but does no damage.
You hit Josephine but do no damage.
Josephine looks as sick as possible!
Josephine is almost dead.
You kill Josephine!
You block the meliai's attack. x3; The meliai stings you.
You hit the meliai but do no damage.
The meliai is poisoned.
The meliai hits you with a +5 hand axe. You block the meliai's attack.
The meliai misses you.
The meliai stings you but does no damage.
You block the meliai's attack. x2; The meliai hits you with a +0 war axe.
The meliai barely misses you.
The meliai mumbles some strange prayers to its god against you.
Something smites you!
You impale the meliai!!
The meliai is almost dead.
You block the meliai's attack.
The meliai stings you but does no damage.
The meliai hits you with a +5 hand axe! The meliai stings you.
* * * LOW HITPOINT WARNING * * *
The meliai closely misses you. You block the meliai's attack. x2
The meliai barely misses you.
The meliai mumbles some strange prayers to its god against you.
Something smites you!
* * * LOW HITPOINT WARNING * * *
The meliai hits you but does no damage. The meliai completely misses you.
As you read the scroll of teleportation, it crumbles to dust.
You feel strangely unstable.
You kill the meliai!
The meliai mumbles some strange prayers to its god against you.
Something smites you!
* * * LOW HITPOINT WARNING * * *
The meliai invokes the aid of its god against you.
Something smites you!
You die...
Your body glows slightly and disappears.

#.......y.#
+...(.....+
....y.... ∆
....y.. .....
... ∆ #'#
#####.###
#....y.@#
#.###.#y#
##..(W#######
#.#............
#....(..#######
#.###(#.# #.
..(.(# #
###.### #.


You could see a wraith and 2 meliai.

Vanquished Creatures
  A quicksilver ooze (Lair:3)
  3 dire elephants (Lair:6)
  Josephine (D:14)
  3 boulder beetles
  7 hydras
  A catoblepas (Lair:4)
  A two-headed ogre (D:11)
  4 death yaks
  A spectral death yak (Lair:6)
  A goliath frog (Lair:3)
  A necromancer (Lair:6)
  2 wolf spiders (Lair:1)
  A cyclops (D:11)
  5 elephants
  A dire elephant zombie (Lair:6)
  5 black mambas
  A gargoyle (D:10)
  2 kobold demonologists (D:8)
  3 rime drakes
  7 komodo dragons
  5 cane toads
  A meliai (D:14)
  An entropy weaver simulacrum (IceCv)
  7 trolls
  9 dream sheep
  15 blink frogs
  3 spectral elephants (Lair:6)
  2 jumping spiders (Lair:2)
  2 vampires
  2 wraiths (D:14)
  5 wyverns
  4 culicivoras (Lair:2)
  3 basilisks
  50 yaks
  2 redbacks (Lair:2)
  A steam dragon (D:7)
  2 death yak simulacra (Lair:6)
  An acid dragon (D:6)
  9 water moccasins
  17 orc warriors
  3 black bears
  A sky beast (D:6)
  An elephant zombie (Lair:6)
  An ugly thing simulacrum (IceCv)
  21 wolves
  2 centaurs
  2 ogres
  An elephant skeleton (Lair:6)
  A phantom (D:7)
  4 kobold brigands
  15 bullfrogs
  2 gnoll sergeants
  A water moccasin zombie (D:5)
  3 scorpions
  A cane toad simulacrum (Lair:6)
  A water moccasin skeleton (D:5)
  11 killer bees
  An elephant simulacrum (Lair:6)
  4 electric eels
  6 wights
  8 howler monkeys
  4 centaur zombies
  A hound (D:4)
  11 orc priests
  A gnoll shaman (D:5)
  A centaur skeleton (D:5)
  A scorpion zombie (D:5)
  3 iguanas
  15 orc wizards
  7 hell rats (Lair:4)
  A hound skeleton (D:5)
  5 mummies (Ossuary)
  3 howler monkey zombies
  5 gnolls
  A howler monkey skeleton (D:7)
  6 adders
  A shadow imp (D:5)
  2 white imps
  A worm (D:2)
  2 dart slugs
  45 orcs
  5 endoplasms
  3 giant cockroaches
  10 goblins
  5 hobgoblins
  3 jackals
  15 kobolds
  8 quokkas
  4 ball pythons
  6 bats
  2 frilled lizards (D:3)
  A hobgoblin zombie (Ossuary)
  2 kobold zombies (Ossuary)
  5 rats
  A fulminant prism (Lair:6)
468 creatures vanquished.

Vanquished Creatures (collateral kills)
  2 dire elephants (Lair:6)
  A hydra (D:11)
  Fannar (Lair:1)
  Erica (Lair:1)
  The ghost of PeMo the Cleaver, a novice DsBe of Trog (D:8)
  A deep troll (D:10)
  A necromancer (Lair:6)
  A manticore (D:8)
  2 komodo dragons
  A troll (D:5)
  4 dream sheep (Lair:5)
  A centaur simulacrum (D:10)
  An acid dragon (D:11)
  A water moccasin (D:5)
  3 orc warriors
  A sky beast (D:5)
  A bullfrog (Lair:1)
  A wyvern skeleton (D:6)
  A wight (D:6)
  A bullfrog zombie (D:6)
  A jelly (D:6)
  An iguana (D:6)
  5 orc wizards
  3 mummies (Ossuary)
  2 gnolls (D:5)
  A worm (D:2)
  5 orcs
  2 gnoll zombies (Ossuary)
  A hobgoblin zombie (Ossuary)
  2 kobold zombies (Ossuary)
50 creatures vanquished.

Vanquished Creatures (others)
  27 fulminant prisms
  40 fungi
  40 plants
  30 withered plants (Lair:6)
137 creatures vanquished.

Grand Total: 655 creatures vanquished

Notes
Turn   | Place    | Note
-------+----------+-------------------------------------------
     0 | D:1      | DuloT34 the Gnoll Wanderer began the quest for the Orb.
     0 | D:1      | DuloT34 set off with the following items: a +3 dagger, a
                  | scroll of blinking, a +0 mace, a +0 leather armour
     0 | D:1      | Reached XP level 1. HP: 20/20 MP: 1/1
   430 | D:1      | Reached XP level 2. HP: 26/26 MP: 2/2
   605 | D:1      | Found a faded altar of an unknown god.
   622 | D:1      | Prayed at the altar of an unknown god.
   622 | D:1      | Became a worshipper of Nemelex Xobeh the Trickster
   622 | D:1      | Reached * piety under Nemelex Xobeh
   622 | D:1      | Received a gift from Nemelex Xobeh
  1130 | D:2      | Reached XP level 3. HP: 31/31 MP: 3/3
  1140 | D:2      | Reached skill level 6 in Stealth
  1161 | D:2      | Reached skill level 1 in Invocations
  1333 | D:2      | Reached skill level 1 in Short Blades
  1333 | D:2      | Reached skill level 1 in Long Blades
  1333 | D:2      | Reached skill level 1 in Axes
  1333 | D:2      | Reached skill level 1 in Polearms
  1333 | D:2      | Reached skill level 1 in Staves
  1333 | D:2      | Reached skill level 1 in Slings
  1333 | D:2      | Reached skill level 1 in Bows
  1333 | D:2      | Reached skill level 1 in Crossbows
  1333 | D:2      | Reached skill level 1 in Throwing
  1333 | D:2      | Reached skill level 1 in Armour
  1333 | D:2      | Reached skill level 1 in Shields
  1333 | D:2      | Reached skill level 1 in Unarmed Combat
  1333 | D:2      | Reached skill level 1 in Spellcasting
  1530 | D:2      | Reached XP level 4. HP: 38/38 MP: 5/5
  2216 | D:2      | Reached ** piety under Nemelex Xobeh
  2290 | D:2      | Received a gift from Nemelex Xobeh
  2442 | D:3      | Identified the ring "Zuniem" {rElec rF+ rC+ Int-2}
  2640 | D:3      | Reached skill level 1 in Conjurations
  2640 | D:3      | Reached skill level 1 in Hexes
  2640 | D:3      | Reached skill level 1 in Summonings
  2640 | D:3      | Reached skill level 1 in Necromancy
  2640 | D:3      | Reached skill level 1 in Translocations
  2640 | D:3      | Reached skill level 1 in Transmutations
  2640 | D:3      | Reached skill level 1 in Fire Magic
  2640 | D:3      | Reached skill level 1 in Ice Magic
  2640 | D:3      | Reached skill level 1 in Air Magic
  2640 | D:3      | Reached skill level 1 in Earth Magic
  2640 | D:3      | Reached skill level 1 in Poison Magic
  3216 | D:4      | Noticed a black bear
  3216 | D:4      | Found a sparkling altar of Nemelex Xobeh.
  3285 | D:4      | Received a gift from Nemelex Xobeh
  3303 | D:4      | Noticed a black bear
  3305 | D:4      | Identified the +0 long sword "Wosafreseo" {pain, Str+6}
  3309 | D:4      | Noticed a scorpion
  3312 | D:4      | Killed a black bear
  3313 | D:4      | Reached XP level 5. HP: 38/43 MP: 5/7
  3316 | D:4      | Reached XP level 6. HP: 45/50 MP: 5/8
  3369 | D:4      | Killed a black bear
  3370 | D:4      | Reached skill level 5 in Fighting
  3370 | D:4      | Reached skill level 5 in Maces & Flails
  3370 | D:4      | Reached skill level 5 in Dodging
  3487 | D:4      | Found Vesseckedo's Book Emporium.
  3630 | D:4      | Reached *** piety under Nemelex Xobeh
  3830 | D:5      | Entered Level 5 of the Dungeon
  4029 | D:5      | Reached XP level 7. HP: 56/56 MP: 10/10
  4543 | D:5      | Noticed a troll
  4550 | D:5      | Killed a troll
  4551 | D:5      | Reached XP level 8. HP: 59/63 MP: 12/12
  4699 | D:5      | Found Leacs's Armour Shoppe.
  4768 | D:5      | Received a gift from Nemelex Xobeh
  5034 | D:6      | Found a staircase to the Ecumenical Temple.
  5081 | D:6      | Reached skill level 7 in Stealth
  5397 | D:6      | Reached XP level 9. HP: 41/69 MP: 9/14
  5571 | D:6      | Received a gift from Nemelex Xobeh
  6686 | D:6      | Reached skill level 5 in Evocations
  7679 | D:6      | Reached **** piety under Nemelex Xobeh
  7963 | D:7      | Received a gift from Nemelex Xobeh
  7964 | D:7      | Found Benih's General Store.
  8142 | D:7      | Noticed a troll
  8144 | D:7      | Killed a troll
  8145 | D:7      | Reached skill level 5 in Invocations
  8517 | D:7      | Reached XP level 10. HP: 38/77 MP: 10/17
  8839 | D:7      | Received a gift from Nemelex Xobeh
  8962 | D:7      | Found a basalt altar of Yredelemnul.
  9422 | D:8      | Found a sand-covered staircase.
  9554 | Ossuary  | Entered an ossuary
  9896 | D:8      | Reached skill level 5 in Short Blades
  9896 | D:8      | Reached skill level 5 in Long Blades
  9896 | D:8      | Reached skill level 5 in Axes
  9896 | D:8      | Reached skill level 5 in Polearms
  9896 | D:8      | Reached skill level 5 in Staves
  9896 | D:8      | Reached skill level 5 in Slings
  9896 | D:8      | Reached skill level 5 in Bows
  9896 | D:8      | Reached skill level 5 in Crossbows
  9896 | D:8      | Reached skill level 5 in Throwing
  9896 | D:8      | Reached skill level 5 in Armour
  9896 | D:8      | Reached skill level 5 in Shields
  9896 | D:8      | Reached skill level 5 in Unarmed Combat
  9896 | D:8      | Reached skill level 5 in Spellcasting
 10092 | D:8      | Found a runed translucent door.
 10092 | D:8      | Noticed PeMo's ghost (novice DsBe)
 10124 | D:8      | Noticed a manticore
 10192 | D:8      | Killed a manticore
 10193 | D:8      | Reached skill level 8 in Stealth
 10531 | D:8      | Killed PeMo's ghost
 12011 | D:9      | Noticed a kobold demonologist
 12133 | D:9      | Noticed a kobold demonologist
 12139 | D:8      | Noticed an orange demon
 12146 | D:8      | Killed a kobold demonologist
 12323 | D:8      | Noticed a rust devil
 12338 | D:8      | Killed a kobold demonologist
 12501 | D:8      | Reached XP level 11. HP: 78/84 MP: 19/19
 12910 | D:9      | Reached ***** piety under Nemelex Xobeh
 13332 | D:9      | Received a gift from Nemelex Xobeh
 13585 | D:10     | Entered Level 10 of the Dungeon
 13594 | D:10     | Found a sacrificial altar of Ru.
 13596 | D:10     | Found a burning altar of Makhleb.
 13671 | D:10     | Received a gift from Nemelex Xobeh
 13731 | D:10     | Reached skill level 5 in Conjurations
 13731 | D:10     | Reached skill level 5 in Hexes
 13731 | D:10     | Reached skill level 5 in Summonings
 13731 | D:10     | Reached skill level 5 in Necromancy
 13731 | D:10     | Reached skill level 5 in Translocations
 13731 | D:10     | Reached skill level 5 in Transmutations
 13731 | D:10     | Reached skill level 5 in Fire Magic
 13731 | D:10     | Reached skill level 5 in Ice Magic
 13731 | D:10     | Reached skill level 5 in Air Magic
 13731 | D:10     | Reached skill level 5 in Earth Magic
 13731 | D:10     | Reached skill level 5 in Poison Magic
 14527 | D:10     | Noticed a two-headed ogre
 14531 | D:10     | Noticed a deep troll
 14531 | D:10     | a two-headed ogre changed into a deep troll
 14538 | D:10     | Killed a deep troll
 14604 | D:10     | Identified the +3 scale mail of Complete Protection {rC++}
 15005 | D:10     | Found a glowing silver altar of Zin.
 15007 | D:10     | Found an ornate altar of the Wu Jian Council.
 15283 | D:11     | Received a gift from Nemelex Xobeh
 15334 | D:11     | Noticed a five-headed hydra
 15345 | D:11     | Identified the +1 long sword of Chaos {protect, *Noise
                  | rPois Will+ Str+2 Int+3}
 15612 | D:11     | Killed a five-headed hydra
 15616 | D:11     | Reached skill level 9 in Stealth
 15628 | D:11     | Found a frozen archway.
 15641 | IceCv    | Entered an ice cave
 16177 | D:11     | Identified the +0 leather armour of Ru's Regard {rN+ rCorr
                  | Str-2}
 16642 | D:11     | Noticed a two-headed ogre
 16659 | D:11     | Killed a two-headed ogre
 16665 | D:11     | Noticed a cyclops
 16694 | D:11     | Killed a cyclops
 16695 | D:11     | Reached XP level 12. HP: 54/94 MP: 22/22
 17273 | D:11     | Found a staircase to the Lair.
 17373 | D:11     | Found a bloodstained altar of Trog.
 17698 | Lair:1   | Entered Level 1 of the Lair of Beasts
 17848 | Lair:1   | Noticed Erica
 17873 | Lair:1   | Killed Erica
 17992 | Lair:1   | Identified the +1 leather armour of Parts Unknown {Dex+3
                  | Slay+3 Stlth+}
 18541 | Lair:1   | Received a gift from Nemelex Xobeh
 18545 | Lair:1   | Found a transporter.
 18559 | Lair:1   | Found a bloodstained altar of Trog.
 18560 | Lair:1   | Noticed a spriggan berserker
 18570 | Lair:1   | Found a transporter.
 18579 | Lair:1   | Noticed Ceckukk's ghost (journeyman GrEE)
 18763 | Lair:1   | Noticed Fannar
 18766 | Lair:1   | Identified the -2 quarterstaff of Kaip Mipp {speed, rC++
                  | Dex+5 Stlth+}
 18769 | Lair:1   | Killed Fannar
 20213 | Lair:2   | Noticed a five-headed hydra
 20460 | Lair:2   | Noticed a four-headed hydra
 20474 | Lair:2   | Killed a four-headed hydra
 20475 | Lair:2   | Reached XP level 13. HP: 54/101 MP: 24/24
 20722 | Lair:2   | Reached skill level 10 in Stealth
 20943 | Lair:2   | Found a hole to the Spider Nest.
 22378 | Lair:2   | Received a gift from Nemelex Xobeh
 22732 | Lair:3   | Learned a level 2 spell: Passwall
 22734 | Lair:3   | Learned a level 1 spell: Magic Dart
 22738 | Lair:3   | Learned a level 3 spell: Swiftness
 22741 | Lair:3   | Learned a level 2 spell: Ensorcelled Hibernation
 22746 | Lair:3   | Learned a level 4 spell: Fulminant Prism
 23025 | Lair:3   | Noticed a quicksilver ooze
 23025 | Lair:3   | a death yak changed into a quicksilver ooze
 24084 | Lair:4   | Received a gift from Nemelex Xobeh
 24568 | Lair:4   | Found a staircase to the Swamp.
 25247 | Lair:4   | Reached skill level 10 in Fighting
 25247 | Lair:4   | Reached skill level 10 in Maces & Flails
 25247 | Lair:4   | Reached skill level 10 in Dodging
 25247 | Lair:4   | Reached XP level 14. HP: 68/110 MP: 26/26
 25671 | Lair:3   | Received a gift from Nemelex Xobeh
 25772 | Lair:3   | Reached ****** piety under Nemelex Xobeh
 25900 | Lair:3   | Received a gift from Nemelex Xobeh
 26403 | Lair:3   | Killed a quicksilver ooze
 26431 | Lair:3   | Banished a ghost moth
 26865 | Lair:5   | Received a gift from Nemelex Xobeh
 27995 | Lair:5   | Reached skill level 10 in Invocations
 28609 | Lair:6   | Entered Level 6 of the Lair of Beasts
 28848 | Lair:6   | Found a staircase to the Slime Pits.
 28900 | Lair:6   | Reached skill level 11 in Stealth
 29282 | Lair:6   | Received a gift from Nemelex Xobeh
 29832 | Lair:6   | Noticed a dire elephant
 29832 | Lair:6   | Noticed a dire elephant
 29832 | Lair:6   | Noticed a dire elephant
 29836 | Lair:6   | Noticed a dire elephant
 30257 | Lair:6   | Killed a dire elephant
 30269 | Lair:6   | Killed a dire elephant
 30276 | Lair:6   | Killed a dire elephant
 30297 | Lair:6   | Killed a dire elephant
 30631 | Lair:6   | Noticed a dire elephant
 30654 | Lair:6   | Reached skill level 10 in Evocations
 31173 | Lair:6   | Killed a dire elephant
 31872 | D:12     | Reached XP level 15. HP: 109/117 MP: 28/28
 31918 | D:12     | You fall into a shaft and drop 2 floors!
 31918 | D:14     | Noticed Josephine
 31957 | D:14     | Killed Josephine
 31960 | D:14     | Killed from afar by a meliai

Illustrated notes

Levels and vault maps discovered:
D:1:      ncdulo_smallfort, layout_basic, hellmonk_ecumenical_altar_arch_garden,
          st_stairs_1, kennysheep_boxes
D:2:      layout_loops_ring
D:3:      layout_loops_ring, wad_floor_pattern_untrapped
D:4:      layout_cave_pools, nemelex_xobeh_ov_fountains_minmay, serial_shops,
          nicolae_shop_statue_plus
D:5:      layout_cave_pools, serial_column_ruins, column_ruins_hut,
          column_ruins_circle_medium, column_ruins_columns_straight,
          column_ruins_columns_corner, column_ruins_open_tiny,
          column_ruins_columns_straight, column_ruins_open_medium, serial_shops,
          shop, hangedman_decor_opposing
D:6:      layout_loops_corners, minmay_temple_entry_hall,
          minmay_fractal_squares_5
D:7:      layout_basic, pf_just_have_faith, serial_shops, shop
D:8:      layout_basic, enter_ossuary_1, hellmonk_ghost_happy_afterlife
D:9:      layout_long_grid, chequers_avenue
D:10:     minmay_flawed_box, layout_small_grid, nicolae_overflow_hidden_temple
D:11:     layout_roguey [special_room_orc], lair_entry_dummy,
          portal_ice_cave_entry_pillars_2, special_room [special_room_orc],
          david_defended_altar_orc
D:12:     layout_cave_pools, hiddenorc1_lemuel, serial_shops, shop
D:14:     layout_loops_corners, erik_vaults_1, nicolae_elyvilon_peaceful_grove,
          uniq_josephine
Lair:1:   layout_hall_layers, gammafunk_ghost_wrathful_warriors,
          nicolae_lair_run_with_the_wolves, uniq_erica, uniq_fannar
Lair:2:   layout_roguey, nicolae_spider_entry_tight_spaces,
          nicolae_volcano_entry_hallway, st_stairs_3, beast_lair_carwin_7
Lair:3:   layout_cave_pods, infiniplex_staircase_pool, lemuel_fruit_fields
Lair:4:   layout_roguey, minmay_swamp_entry_eels, patterned_corridor
Lair:5:   layout_roguey, serial_bayou_shore_a
Lair:6:   due_jungle_book, layout_gridlike, dpeg_slime_entry_corner,
          minivault_19

Skill      XL: |  1  2  3  4  5  6  7  8  9 10 11 12 13 14 |
---------------+-------------------------------------------+-----
Stealth        | 6 7 8 9 10 11 | 11.4
Invocations    | 1 2 3 4 5 6 7 8 9 10 | 10.6
Short Blades   | 1 2 3 4 5 6 7 8 9 |  9.7
Long Blades    | 1 2 3 4 5 6 7 8 9 |  9.7
Axes           | 1 2 3 4 5 6 7 8 9 |  9.7
Polearms       | 1 2 3 4 5 6 7 8 9 |  9.7
Staves         | 1 2 3 4 5 6 7 8 9 |  9.7
Slings         | 1 2 3 4 5 6 7 8 9 |  9.7
Bows           | 1 2 3 4 5 6 7 8 9 |  9.7
Crossbows      | 1 2 3 4 5 6 7 8 9 |  9.7
Throwing       | 1 2 3 4 5 6 7 8 9 |  9.7
Armour         | 1 2 3 4 5 6 7 8 9 |  9.7
Shields        | 1 2 3 4 5 6 7 8 9 |  9.7
Unarmed Combat | 1 2 3 4 5 6 7 8 9 |  9.7
Spellcasting   | 1 2 3 4 5 6 7 8 9 |  9.7
Conjurations   | 1 2 3 4 5 6 7 8 |  8.1
Hexes          | 1 2 3 4 5 6 7 8 |  8.1
Summonings     | 1 2 3 4 5 6 7 8 |  8.1
Necromancy     | 1 2 3 4 5 6 7 8 |  8.1
Translocations | 1 2 3 4 5 6 7 8 |  8.1
Transmutations | 1 2 3 4 5 6 7 8 |  8.1
Fire Magic     | 1 2 3 4 5 6 7 8 |  8.1
Ice Magic      | 1 2 3 4 5 6 7 8 |  8.1
Air Magic      | 1 2 3 4 5 6 7 8 |  8.1
Earth Magic    | 1 2 3 4 5 6 7 8 |  8.1
Poison Magic   | 1 2 3 4 5 6 7 8 |  8.1
Evocations     | 3 4 5 6 7 8 9 10 | 10.1
Fighting       | 5 6 7 8 9 10 | 10.8
Maces & Flails | 5 6 7 8 9 10 | 10.8
Dodging        | 5 6 7 8 9 10 | 10.8

Action                   |  1- 3 |  4- 6 |  7- 9 | 10-12 | 13-15 || total
-------------------------+-------+-------+-------+-------+-------++-------
Melee: Dagger            |    87 |   151 |   136 |       |       ||   374
       Bite              |     8 |    21 |    21 |   108 |   117 ||   275
       Punch             |     1 |     3 |    11 |     9 |       ||    24
       Battleaxe         |       |     5 |       |       |       ||     5
       Trident           |       |       |   123 |   859 |   592 ||  1574
 Fire: Hand crossbow     |       |       |    31 |   146 |   294 ||   471
 Cast: Fulminant Prism   |       |       |       |       |    28 ||    28
       Swiftness         |       |       |       |       |     1 ||     1
       Ensorcelled Hiber |       |       |       |       |     2 ||     2
Invok: Draw Destruction  |     3 |     5 |    20 |    26 |    32 ||    86
       Draw Summoning    |       |     2 |     5 |    15 |    13 ||    35
       Draw Escape       |       |       |       |     4 |    16 ||    20
       Triple Draw       |       |       |       |     1 |       ||     1
  Use: Scroll            |       |     3 |     4 |    11 |    12 ||    30
       Potion            |       |       |     3 |     2 |     3 ||     8
 Stab: Sleeping          |     5 |    13 |     4 |     9 |     3 ||    34
       Petrified         |       |       |       |     2 |       ||     2
       Distracted        |       |       |       |     3 |     5 ||     8
Armor: Leather armour    |    19 |    35 |    51 |   135 |   122 ||   362
       Scale mail        |       |       |       |   104 |       ||   104
Dodge: Dodged            |    48 |    88 |   190 |   394 |   288 ||  1008
Block: Other             |       |       |       |    69 |       ||    69
       Reflection        |       |       |       |     7 |       ||     7
       Buckler           |       |       |       |   325 |   412 ||   737
